Map: Proxima Station LE

Players

Trizztein

  • Race: Terran Terran
  • League: Diamond
  • Spawn Location: 7:00

DarkDaniel - Winner!

  • Race: Terran Terran
  • League: Diamond
  • Spawn Location: 1:00

VOD

Have the link to the VOD?

Description

Time

  • Played on: June 18, 2017, 8:43 a.m.
  • Length: 10:50
Show
View Real Time Build Order
Export as new Build Order

Trizztein Terran 

Build Orders: Reaper Expand, Bio Tank 

Get SALT Encoding   

  12  0:00  SCV  
  13  0:13  SCV  
  14  0:22  Supply Depot  
  14  0:27  SCV  
  15  0:44  SCV  
  15  0:45  Barracks  
  16  0:56  SCV, Refinery  
  17  1:08  SCV  
  18  1:20  SCV  
  20  1:36  Orbital Command  
  19  1:40  Reaper  
  20  1:50  Command Center  
  20  2:07  SCV  
  20  2:12  Refinery  
  20  2:16  Factory  
  20  2:18  Supply Depot  
  20  2:21  SCV  
  21  2:33  Barracks Reactor  
  21  2:35  SCV  
  22  2:51  SCV  
  23  3:01  Starport  
  23  3:03  Orbital Command, SCV  
  24  3:10  Marine x2  
  26  3:14  Cyclone  
  26  3:15  SCV  
  30  3:27  SCV  
  30  3:28  Marine x2  
  30  3:34  SCV  
  34  3:38  Supply Depot  
  34  3:39  SCV  
  35  3:46  SCV, Marine x2  
  35  3:47  Cyclone  
  41  3:51  Medivac  
  41  3:53  SCV  
  44  3:59  SCV  
  45  4:05  SCV  
  46  4:11  SCV  
  47  4:18  SCV, Supply Depot  
  47  4:21  Viking  
  47  4:23  SCV  
  51  4:30  SCV  
  52  4:31  Factory Tech Lab  
  52  4:32  Marine x2  
  54  4:39  SCV  
  54  4:41  Supply Depot  
  54  4:42  SCV, Barracks x2  
  54  4:45  Engineering Bay  
  56  4:51  SCV, Starport Reactor  
  57  4:54  SCV  
  57  4:59  Refinery  
  58  5:00  Refinery  
  58  5:04  SCV, Supply Depot  
  58  5:06  SCV  
  60  5:16  SCV  
  61  5:29  SCV  
  61  5:30  SCV  
  63  5:41  SCV  
  63  5:42  Siege Tank, Command Center  
  67  5:43  SCV  
  67  5:45  Starport Reactor  
  67  5:46  Barracks Tech Lab, Marine x3  
  67  5:48  Terran Infantry Weapons Level 1  
  71  5:53  SCV  
  71  5:54  Supply Depot  
  71  5:55  SCV  
  71  5:56  Supply Depot  
  73  5:58  Missile Turret  
  73  6:00  Marine  
  73  6:01  Sensor Tower  
  73  6:03  Marine  
  75  6:06  Stimpack, Marine x2  
  75  6:07  SCV  
  78  6:16  Siege Tank, SCV  
  82  6:19  SCV, Supply Depot  
  83  6:28  SCV  
  83  6:29  Marine x5  
  83  6:32  SCV  
  90  6:34  Starport Reactor  
  90  6:40  SCV  
  90  6:43  Armory  
  90  6:44  SCV, Engineering Bay  
  89  6:47  Marine x5  
  89  6:52  SCV  
  95  6:56  SCV, Missile Turret  
  95  6:58  Orbital Command, Missile Turret  
  96  7:04  SCV  
  96  7:06  Medivac  
  96  7:07  Medivac  
  96  7:08  SCV  
  102  7:09  Marine  
  102  7:13  Marine  
  102  7:14  Marine  
  105  7:16  SCV  
  105  7:17  Terran Infantry Armor Level 1  
  105  7:20  SCV  
  107  7:24  Marine, Refinery  
  107  7:25  Marine  
  107  7:26  Marine  
  107  7:28  SCV  
  111  7:32  Factory, Terran Vehicle Weapons Level 1  
  111  7:35  Marine x2  
  113  7:41  Missile Turret  
  113  7:42  Missile Turret  
  113  7:44  Terran Infantry Weapons Level 2  
  113  7:47  Viking  
  113  7:49  Missile Turret  
  115  7:53  Supply Depot  
  115  7:54  SCV, Supply Depot  
  116  8:00  Refinery  
  116  8:04  SCV x2  
  116  8:05  Marine x2  
  118  8:06  Combat Shields  
  118  8:08  Marine x3  
  118  8:09  Missile Turret  
  123  8:13  SCV  
  123  8:15  Siege Tank  
  123  8:16  Factory Tech Lab  
  127  8:22  SCV x2  
  127  8:23  Marine x2  
  127  8:26  Marine  
  132  8:30  Marine x2  
  132  8:31  Barracks x2  
  134  8:41  Marine  
  135  8:46  Siege Tank  
  135  8:47  Siege Tank  
  141  8:49  Command Center  
  140  8:57  Marine  
  141  9:13  Marine  
  141  9:15  Viking x2, SCV, Supply Depot, Marine x4  
  150  9:17  Supply Depot  
  150  9:18  Siege Tank, Supply Depot, Marine x2  
  154  9:31  Marine  
  154  9:33  Marine x2  
  154  9:37  SCV, Marine x3  
  154  9:38  Siege Tank, Marine  
  164  9:45  Medivac  
  157  9:49  Marine  
  157  9:51  Marine x2  
  111  9:54  Marine x3  
  111  9:56  Marine  
  115  10:04  SCV  
  115  10:06  Siege Tank, Marine  
  120  10:08  Marine x2  
  120  10:10  Siege Tank  
  120  10:12  Marine  
  126  10:15  Marine x3  
  129  10:24  Marine  
  129  10:26  Marine, Refinery  
  129  10:28  Marine  
  131  10:29  Refinery  
  131  10:30  Marine  
Show
View Real Time Build Order
Export as new Build Order

DarkDaniel Terran - Winner!

Build Orders: Bio Tank 

Get SALT Encoding   

  12  0:01  SCV  
  13  0:13  SCV  
  14  0:19  Supply Depot  
  14  0:25  SCV  
  15  0:30  Refinery  
  15  0:41  SCV  
  16  0:45  Barracks  
  16  0:53  SCV  
  17  1:05  SCV  
  18  1:17  SCV  
  19  1:33  Orbital Command, Marine  
  20  1:45  Command Center  
  20  1:50  Marine  
  21  1:59  Supply Depot  
  21  2:00  SCV  
  22  2:10  Barracks Reactor  
  22  2:11  Factory  
  22  2:16  SCV  
  22  2:22  Refinery  
  23  2:28  SCV  
  24  2:41  SCV  
  25  2:46  Marine x2  
  27  2:55  SCV  
  27  2:58  Starport, Factory Tech Lab  
  28  3:00  Orbital Command  
  28  3:04  Marine x2  
  30  3:07  SCV  
  31  3:18  Siege Tank  
  34  3:21  SCV  
  34  3:23  Marine x2  
  34  3:26  SCV  
  38  3:34  SCV  
  38  3:36  Viking  
  38  3:38  SCV  
  42  3:44  Supply Depot  
  42  3:47  SCV  
  43  3:49  Marine x2  
  43  3:50  SCV  
  46  3:57  Factory Tech Lab  
  46  4:06  SCV x2  
  46  4:09  Supply Depot  
  48  4:16  Raven  
  50  4:18  Command Center  
  50  4:22  SCV x2  
  52  4:30  Siege Tank  
  55  4:32  Supply Depot  
  55  4:33  Refinery  
  55  4:34  Marine x2  
  55  4:37  SCV  
  58  4:39  SCV  
  59  4:50  SCV, Refinery  
  59  4:51  SCV  
  61  4:57  Engineering Bay  
  61  4:59  Engineering Bay  
  61  5:02  SCV  
  61  5:03  SCV  
  63  5:12  Siege Tank  
  64  5:14  SCV  
  64  5:15  SCV  
  64  5:17  Viking x2  
  70  5:30  SCV x2, Terran Infantry Weapons Level 1  
  70  5:33  Supply Depot  
  70  5:35  Marine  
  73  5:37  Orbital Command  
  73  5:38  Stimpack  
  73  5:44  SCV x2  
  73  5:48  Siege Tank  
  78  5:53  Supply Depot  
  78  5:59  Marine  
  78  6:01  Barracks  
  78  6:02  Medivac  
  81  6:06  Barracks  
  81  6:08  Medivac  
  81  6:10  SCV x3  
  86  6:15  Supply Depot  
  86  6:18  Orbital Command  
  86  6:21  Terran Infantry Armor Level 1  
  86  6:23  Marine  
  87  6:26  SCV x2  
  89  6:32  Missile Turret  
  89  6:34  Medivac  
  89  6:38  SCV x2  
  93  6:43  Siege Tank, Marine  
  97  6:50  SCV  
  97  6:51  SCV x2  
  100  6:57  Armory  
  100  7:01  Barracks x2  
  100  7:02  Barracks  
  100  7:03  Barracks Reactor, Marine, Refinery x2  
  100  7:05  Barracks Reactor  
  100  7:06  SCV x2  
  100  7:07  SCV  
  104  7:18  SCV x2, Sensor Tower  
  104  7:19  SCV  
  104  7:21  Supply Depot  
  104  7:22  Supply Depot  
  107  7:29  Marine  
  108  7:30  SCV  
  109  7:38  Sensor Tower  
  109  7:42  Marine  
  109  7:43  Siege Tank, SCV x3, Supply Depot, Combat Shields  
  109  7:44  Supply Depot  
  116  7:48  Barracks Reactor  
  116  7:52  Marine  
  116  7:54  Barracks Reactor x2  
  116  7:58  SCV x3, Missile Turret  
  119  8:03  Marine x3  
  119  8:04  Marine  
  124  8:10  Marine  
  124  8:11  Terran Infantry Weapons Level 2  
  125  8:18  Terran Infantry Armor Level 2  
  125  8:21  Marine x4  
  125  8:25  Command Center  
  125  8:26  Marine x2  
  131  8:27  Supply Depot  
  131  8:28  Marine  
  131  8:30  Supply Depot  
  131  8:31  Supply Depot, Marine  
  131  8:32  Marine x3  
  136  8:36  Siege Tank  
  136  8:37  Terran Vehicle Weapons Level 1  
  136  8:39  Marine x2  
  141  8:44  Supply Depot  
  141  8:45  Supply Depot  
  141  8:49  Marine x6  
  141  8:50  Marine x2  
  141  8:52  Supply Depot  
  141  8:53  Marine  
  141  8:55  Supply Depot  
  150  8:56  Marine  
  150  8:57  Marine  
  150  8:58  Medivac x2  
  150  9:00  Factory  
  156  9:07  Marine  
  157  9:12  Marine x3  
  157  9:13  Marine x3  
  163  9:17  Barracks Reactor  
  163  9:19  Sensor Tower  
  163  9:20  Marine x3  
  166  9:24  Marine  
  166  9:27  Siege Tank  
  166  9:28  Medivac x2  
  166  9:30  Marine x3  
  177  9:31  Marine x3  
  177  9:37  Marine  
  174  9:49  Marine x3  
  174  9:51  Sensor Tower, Refinery  
  157  9:53  Marine x2, Refinery  
  157  9:54  Marine x2  
  157  9:58  Refinery  
  161  10:00  Marine x2  
  161  10:02  Siege Tank  
  161  10:03  Medivac x2  
  161  10:06  Marine x3  
  173  10:07  Marine x3  
  173  10:11  Siege Tank, Marine  
  180  10:25  Marine x3  
  180  10:27  Marine  
  180  10:28  Marine x2  
Tags
 
Add a new tag
Caveats
  • Supply blocks, unpowered buildings, or Contaminate may cause inaccurate times.
  • Supply counts are checked every 10 seconds.